[Event "*** Titled Tuesday Blitz"]
[Site "Chess.com"]
[Date "2021.02.09"]
[Round "1"]
[White "Kostukov_Alex"]
[Black "ulises2013"]
[Result "0-1"]
[WhiteElo "2325"]
[BlackElo "2635"]
[TimeControl "180+1"]
[EndTime "10:07:24 PST"]
[Termination "ulises2013 won on time"]

1. g3 g6 2. Bg2 Bg7 3. Nf3 c5 4. c4 Nc6 5. O-O Nf6 6. Nc3 O-O 7. d4 cxd4 8. Nxd4 d6 9. Nc2 Be6 10. b3 Qd7 11. Bb2 Rfd8 12. Qd2 d5 13. cxd5 Nxd5 14. Nxd5 Bxb2 15. Rad1 Bxd5 16. Qxd5 Qxd5 17. Bxd5 Rac8 18. Bxc6 Rxd1 19. Rxd1 Rxc6 20. Ne3 Ra6 21. Rd7 Rxa2 22. Rxb7 e6 23. Nc4 Bc3 24. Nd6 f5 25. e3 Be1 26. Ne8 Bxf2+ 27. Kf1 Bxe3 28. Nf6+ Kf8 29. Rd7 Bg5 30. Nxh7+ Ke8 31. Rg7 Be7 32. Rxg6 Rxh2 33. Ng5 Bxg5 34. Rxg5 Kf7 35. g4 Kf6 36. Rg8 Ra2 37. gxf5 exf5 38. Rb8 Kg5 39. b4 Kf4 40. b5 Kf3 41. Ke1 f4 0-1

[Event "*** Titled Tuesday Blitz"]
[Site "Chess.com"]
[Date "2021.02.09"]
[Round "1"]
[White "poppy73"]
[Black "OriTaichman"]
[Result "0-1"]
[WhiteElo "2215"]
[BlackElo "2533"]
[TimeControl "180+1"]
[EndTime "10:07:24 PST"]
[Termination "OriTaichman won on time"]

1. e4 c5 2. Nf3 Nc6 3. d4 cxd4 4.
Nxd4 d5 5. Nxc6 bxc6 6. exd5 Qxd5 7. Nc3 Qxd1+ 8. Nxd1 e5 9. b3 Bb4+ 10. c3 Bc5 11. Ne3 Be6 12. b4 Bb6 13. Nc4 f6 14. a4 Ne7 15. a5 Bc7 16. Be3 Nd5 17. Bd2 Ke7 18. O-O-O Rhd8 19. Be2 f5 20. Ne3 f4 21.
Nxd5+ cxd5 22. g3 g5 23. gxf4 gxf4 24. Rhg1 Rg8 25. Kb2 e4 26. Rdf1 f3 27. Bd1 Bxh2 28. Rh1 Rg2 29. Be3 h5 30. b5 h4 31. b6 axb6 32.
axb6 h3 33. Bb3 Rb8 34. Bc5+ Kd7 35. Ba4+ Kd8 36. Bc6 Bd6 37. Bxd6 Rxb6+ 38. Kc2 Rxc6 39. Bg3 d4 40. Kd2 Rxc3 41. Be5 e3+ 0-1

[Event "*** Titled Tuesday Blitz"]
[Site "Chess.com"]
[Date "2021.02.09"]
[Round "1"]
[White "MaevskiyNikolay"]
[Black "LubovMarkelova"]
[Result "1-0"]
[WhiteElo "2549"]
[BlackElo "2230"]
[TimeControl "180+1"]
[EndTime "10:07:26 PST"]
[Termination "MaevskiyNikolay won by resignation"]

1. d4 Nf6 2. c4 c5 3. Nf3 g6 4.
Nc3 Bg7 5. d5 e6 6. e4 exd5 7.
cxd5 d6 8. Bg5 h6 9. Bh4 g5 10.
Bg3 O-O 11. Nd2 Bg4 12. Qb3 Na6 13. h3 Bh5 14. h4 g4 15. a3 Rb8 16. Nc4 Ne8 17. Ne3 Bg6 18. h5 Bh7 19. Qc2 Nf6 20.
Bxa6 bxa6 21. Nc4 Ne8 22. O-O f5 23. exf5 Bxf5 24. Qd2 Qg5 25. Bf4 Qf6 26. Rfe1 Qd4 27. Qxd4 cxd4 28. Na4 Rf7 29. Nxd6 Nxd6 30. Bxd6 Rd8 31.
Be5 Rxd5 32. Bxg7 Kxg7 33. Re2 Rb7 34. b4 d3 35. Rd2 Rc7 36. Nc5 a5 37. Rc1 axb4 38.
Ne6+ Bxe6 39. Rxc7+ Kf6 40. axb4 Ke5 41. Rc4 Rd4 42. Rxd4 Kxd4 43. Kf1 Kc3 44. Ke1 Bf7 45. b5 Bxh5 46. g3 Be8 47. Ra2 Bxb5 48. Ra3+ Kd4 49. Rxa7 Ke4 50. Rf7 Bc4 51. Rf4+ Kd5 52. Rxg4 1-0

[Event "*** Titled Tuesday Blitz"]
[Site "Chess.com"]
[Date "2021.02.09"]
[Round "1"]
[White "paladin_ll"]
[Black "Atco84"]
[Result "0-1"]
[WhiteElo "2136"]
[BlackElo "2503"]
[TimeControl "180+1"]
[EndTime "10:07:27 PST"]
[Termination "Atco84 won by resignation"]

1. Nf3 e6 2. c4 c5 3. Nc3 Nf6 4. g3 d5 5. cxd5 exd5 6. d4 Nc6 7. Bg2 Be6 8. O-O Be7 9. dxc5 Bxc5 10. Bg5 Be7 11.
Nd4 h6 12. Be3 O-O 13. Rc1 Ne5 14. Nxe6 fxe6 15. Bd4 Nc6 16. e3 e5 17. Bxe5 Nxe5 18. Nxd5 Nxd5 19. Bxd5+ Kh8 20. Qb3 Nf3+ 21. Bxf3 Rxf3 22.
Qxb7 Rf6 23. Rc7 Bf8 24. Rd7 Qb8 25. Rc1 a5 26. b3 Qxb7 27. Rxb7 a4 28. Rcc7 Kg8 29.
Ra7 Rxa7 30. Rxa7 a3 31. Rc7 Rd6 32. Rc2 Rd1+ 33. Kg2 Rb1 34. Re2 Rb2 35. Kf3 Bc5 36. h4 g5 37. hxg5 hxg5 38. g4 Kf7 39. e4 Ke6 40. e5 Bd4 41. Re4 Bxe5 42. b4 Rxa2 43. b5 Rb2 44. Ra4 Bd6 45. Re4+ Kd5 46. Re2 Rxe2 0-1

[Event "*** Titled Tuesday Blitz"]
[Site "Chess.com"]
[Date "2021.02.09"]
[Round "1"]
[White "imdvb6307"]
[Black "tdf98pantani"]
[Result "0-1"]
[WhiteElo "2401"]
[BlackElo "2763"]
[TimeControl "180+1"]
[EndTime "10:07:28 PST"]
[Termination "tdf98pantani won on time"]

1. e4 e5 2. Nf3 Nc6 3. Bc4 Bc5 4. d3 d6 5. a4 Nf6 6. O-O O-O 7. c3 a6 8. Nbd2 h6 9. Bb3 Be6 10. Nc4 Qd7 11. a5 Ba7 12. Re1 Rfe8 13. Be3 Bxe3 14. Nxe3 Rad8 15. Bxe6 Qxe6 16. c4 Nd7 17. Nd5 Rc8 18.
b4 Ne7 19. d4 c6 20. Nxe7+ Qxe7 21. dxe5 dxe5 22. c5 Nf8 23. Nd2 Rcd8 24. Qe2 Ne6 25. Nc4 Nf4 26. Qa2 Qg5 27. g3 Qg4 28. Re3 Rd4 29. f3 Qh3 30. Rc1 Ng6 31. Qc2 h5 32. Ree1 h4 33. Qg2 Qe6 34. Red1 hxg3 35. Rxd4 Nf4 36. Qd2 exd4 37. Qxf4 gxh2+ 38. Kh1 d3 39. Nd2 Rd8 40. Qxh2 Qa2 41. Qf2 Qb2 42. Rb1 Qc3 43. Qe3 Rd4 44. Kg2 Rxb4 45. Rxb4 Qxb4 46. Qxd3 Qxa5 47.
Nb3 Qa3 0-1

[Event "*** Titled Tuesday Blitz"]
[Site "Chess.com"]
[Date "2021.02.09"]
[Round "1"]
[White "Vusatiuk_Vladimir"]
[Black "Kiborg95"]
[Result "0-1"]
[WhiteElo "2377"]
[BlackElo "2713"]
[TimeControl "180+1"]
[EndTime "10:07:28 PST"]
[Termination "Kiborg95 won by checkmate"]

1. d4 d6 2. c4 g6 3. Nc3 Bg7 4. e4 Nd7 5. Nf3 e5 6. d5 a5 7. Bg5 f6 8. Be3 Nh6 9. h3 Nf7 10. Qd2 Nc5 11. O-O-O a4 12. Kb1 f5 13. Bxc5 dxc5 14.
Bd3 O-O 15. Qc2 Nd6 16. Rhe1 a3 17. b3 Qf6 18. Rc1 Bd7 19. Nd2 Bh6 20. Rcd1 Rae8 21.
f3 Qh4 22. Re2 b6 23. Rde1 Bf4 24. Nf1 Qh6 25. g3 Bg5 26. exf5 Nxf5 27. Rxe5 Rxe5 28. Rxe5 Nd4 29. Qd1 Nxf3 30. Re2 Nd4 31. Re4 Bxh3 32. Re1 Qg7 33. Nd2 Nb5 34. Nde4 Nxc3+ 35. Nxc3 Qxc3 36. Qc2 Qxe1+ 37. Qd1 Qxd1# 0-1

[Event "*** Titled Tuesday Blitz"]
[Site "Chess.com"]
[Date "2021.02.09"]
[Round "1"]
[White "GelmanAlexander"]
[Black "Godzillator"]
[Result "1-0"]
[WhiteElo "2593"]
[BlackElo "2284"]
[TimeControl "180+1"]
[EndTime "10:07:28 PST"]
[Termination "GelmanAlexander won by resignation"]

1. d4 d5 2. Nc3 c6 3. Bf4 Nf6 4. f3 e6 5. e4 Bb4 6. Qd3 O-O 7. Ne2 b6 8. O-O-O Ba6 9. Qe3 Nbd7 10. Bg5 Qc7 11.
a3 Bxc3 12. Nxc3 Bxf1 13. Rhxf1 c5 14. e5 Ne8 15. Be7 cxd4 16. Qxd4 Nxe5 17. Bxf8 Kxf8 18. f4 Nc4 19. f5 Kg8 20. fxe6 fxe6 21. Nxd5 Qd7 22.
Qxc4 exd5 23. Qxd5+ Qxd5 24. Rxd5 Nf6 25. Rd6 Rc8 26.
Re1 Kf7 27. c3 h6 28. h3 Rc4 29. Kc2 Rc5 30. Re2 Rg5 31. Rc6 Kg6 32. b4 Rg3 33.
a4 Kh5 34. Rc7 g5 35. Rxa7 Nd5 36. Kb2 Nxc3 37. Rc2 Nd5 38. b5 Nb4 39. Rd2 Nd3+ 40. Kc3 Nc5+ 41. Kc4 Ra3 42. Kd5 Nxa4 43. Kc6 Rc3+ 44.
Kb7 Rc4 45. Rd6 Rb4 46. g4+ Kh4 47. Rxh6+ Kg3 48. Rxa4 Rxa4 49. Kxb6 Ra1 50. Kb7 Rb1 51. b6 Rc1 52. Kb8 Rb1 53. b7 Rc1 54. Ka7 Ra1+ 55.
Ra6 1-0

[Event "*** Titled Tuesday Blitz"]
[Site "Chess.com"]
[Date "2021.02.09"]
[Round "1"]
[White "PLAYER_2006_M"]
[Black "Kaponov"]
[Result "1-0"]
[WhiteElo "2522"]
[BlackElo "2199"]
[TimeControl "180+1"]
[EndTime "10:07:29 PST"]
[Termination "PLAYER_2006_M won on time"]

1. d4 Nf6 2. Nc3 d5 3. Bf4 Bf5 4. f3 c5 5. e3 Nc6 6. Nb5 Rc8 7.
c3 a6 8. Na3 e6 9. Bd3 Bxd3 10.
Qxd3 cxd4 11. cxd4 Bb4+ 12. Kf2 Nh5 13. Bg3 Na5 14. Ne2 O-O 15. Rac1 Qe7 16. Nb1 Nc4 17. Qb3 Nxg3 18. hxg3 e5 19. a3 Bd6 20. Rhd1 exd4 21. Nxd4 Bc5 22. Rd3 Rfe8 23. Re1 Qg5 24. f4 Qf6 25.
Nd2 Nxe3 26. Rexe3 Rxe3 27. Kxe3 Re8+ 28. Kf3 Bxd4 29.
Qxd5 Bxb2 30. Ne4 Qc6 31. Qxc6 bxc6 32. Rb3 Bd4 33. Nd6 Rd8 34. Nb7 Rb8 35. Ke4 c5 36.
Nxc5 Rxb3 37. Nxb3 Bb6 38. a4 f6 39. Kd5 Kf7 40. g4 h6 41. Kc6 Bf2 42. a5 Be3 43.
f5 g6 44. Nc5 h5 45. fxg6+ Kxg6 46. gxh5+ Kxh5 47. Nxa6 Kg4 48. Nb4 Kg3 49. a6 Kxg2 50.
Nd5 Bg1 51. Nb6 1-0

[Event "*** Titled Tuesday Blitz"]
[Site "Chess.com"]
[Date "2021.02.09"]
[Round "1"]
[White "CoachHakia"]
[Black "KyronGriffith"]
[Result "0-1"]
[WhiteElo "2148"]
[BlackElo "2504"]
[TimeControl "180+1"]
[EndTime "10:07:29 PST"]
[Termination "KyronGriffith won on time"]

1. d4 Nf6 2. Bg5 c5 3. Bxf6 gxf6 4. d5 Qb6 5. Qc1 d6 6. c4 h5 7. Nc3 Bh6 8. e3 Bf5 9. h4 Nd7 10. Nf3 Rg8 11. g3 O-O-O 12. Bh3 Bxh3 13. Rxh3 Kb8 14. Qc2 Rg4 15. Nd2 Ne5 16. b3 f5 17. Qxf5 Bg7 18. Rc1 e6 19. dxe6 fxe6 20. Qxe6 Nd3+ 21. Kd1 Nxc1 22. Nd5 Qa5 23. Kxc1 Be5 24. f4 Bc3 25. Ne4 Qa3+ 26. Kd1 Bh8 27. Qe7 Rgg8 28. Qc7+ Ka8 29.
Nxd6 Qa6 30. Nf7 Rc8 31. Qd7 Qxa2 32. Nc7+ Kb8 33. Nd5 Qxb3+ 34. Ke2 Qxc4+ 35. Kf3 Qa6 36. Ne5 Rgd8 37. Qf7 Bxe5 38. fxe5 Rf8 0-1

[Event "*** Titled Tuesday Blitz"]
[Site "Chess.com"]
[Date "2021.02.09"]
[Round "1"]
[White "cassoulet"]
[Black "MF1966Idrisov"]
[Result "1/2-1/2"]
[WhiteElo "2728"]
[BlackElo "2398"]
[TimeControl "180+1"]
[EndTime "10:07:30 PST"]
[Termination "Game drawn by repetition"]

1. e4 d5 2. exd5 Qxd5 3. Nc3 Qd6 4. d4 a6 5. Nf3 Nf6 6. g3 Bg4 7. Bg2 e6 8. O-O Nc6 9. Bf4 Qd8 10. Re1 Be7 11. h3 Bxf3 12. Bxf3 O-O 13. d5 Nxd5 14. Nxd5 exd5 15. Bxd5 Bd6 16. Be3 Qf6 17. c3 Rad8 18.
Qf3 Qg6 19. Rad1 Ne5 20. Qg2 b5 21. f4 Nc4 22. Bd4 Rfe8 23. Be4 Qh5 24. b3 Nb6 25. Bc6 Rxe1+ 26. Rxe1 h6 27. Bf3 Qf5 28. Be4 Qh5 29. Bc6 Bc5 30. Kh2 Bxd4 31. cxd4 Qf5 32. Qe4 Qxe4 33.
Rxe4 Kf8 34. Kg2 Nd5 35. Bxd5 Rxd5 36. Kf3 f5 37. Re5 Rxd4 38. Rxf5+ Ke7 39. Rc5 Kd6 40. Rf5 Rd3+ 41. Kg4 Ke6 42. Rc5 Kd6 43. Rf5 Ke6 44. Re5+ Kd6 45. Re8 Kc6 46. Ra8 Kb6 47. Rg8 Rd7 48.
Kf5 c5 49. Ke6 Rc7 50. Rb8+ Ka7 51. Rd8 c4 52. bxc4 bxc4 53. Rd2 c3 54. Rc2 Kb6 55. Kd5 Kb5 56. Kd4 Kb4 57. Kd3 Rd7+ 58. Ke3 Re7+ 59. Kd3 Rd7+ 60. Ke3 Re7+ 61. Kd3 Rd7+ 1/2-1/2

[Event "*** Titled Tuesday Blitz"]
[Site "Chess.com"]
[Date "2021.02.09"]
[Round "1"]
[White "Noam_Vitenberg"]
[Black "Dedic8"]
[Result "1-0"]
[WhiteElo "2438"]
[BlackElo "2818"]
[TimeControl "180+1"]
[EndTime "10:07:31 PST"]
[Termination "Noam_Vitenberg won by resignation"]

1. Nf3 Nf6 2. g3 d5 3. Bg2 c5 4.
O-O e6 5. d4 cxd4 6. Nxd4 Be7 7.
c4 O-O 8. cxd5 exd5 9. Nc3 Nc6 10. Bg5 Be6 11. Rc1 Rc8 12. Qa4 Nxd4 13. Qxd4 Qa5 14.
Rfd1 Rc4 15. Qd3 Rfc8 16. Ra1 d4 17. Bxf6 Bxf6 18. Ne4 Be7 19. Nd2 Rc2 20. Bxb7 R8c7 21. Be4 Rxb2 22. Qxd4 Bf6 23. Qd6 Rd7 24. Nc4 Qd8 25.
Qxd7 Bxd7 26. Nxb2 Bxb2 27. Rab1 Be5 28. Bc6 h6 29.
Rxd7 Qf6 30. Bd5 Qa6 31. Rxf7 Kh7 32. Be4+ Kg8 33. Bd5 Kh7 34. Be4+ Kg8 35. Rf5 Qxe2 36. Rxe5 Qd2 37. Bd5+ Kh7 38. Be4+ Kg8 39. Rf5 Qxa2 40. Rb8+ Kh7 41. Ra5+ 1-0

[Event "*** Titled Tuesday Blitz"]
[Site "Chess.com"]
[Date "2021.02.09"]
[Round "1"]
[White "Onischuk_V"]
[Black "Flopezin"]
[Result "1-0"]
[WhiteElo "2823"]
[BlackElo "2416"]
[TimeControl "180+1"]
[EndTime "10:07:31 PST"]
[Termination "Onischuk_V won on time"]

1. e4 c5 2. Ne2 e6 3. g3 d5 4. Bg2 Nf6 5. exd5 Nxd5 6. O-O Be7 7.
d4 Nd7 8. c4 N5f6 9. d5 exd5 10. cxd5 Nb6 11. Nec3 Bg4 12. Qb3 c4 13. Qc2 Rc8 14.
h3 Bh5 15. f4 O-O 16. Kh2 Bc5 17. f5 Nbxd5 18. Nxd5 Nxd5 19. Nc3 Nb4 20. Qe4 f6 21. Qxc4+ Bf7 22. Qe4 Re8 23. Qxb7 Nc2 24. Rb1 Qd3 25. Bf4 Ne3 26. Bxe3 Qxe3 27. Rfe1 Qd3 28. Rbd1 Qxf5 29. Rf1 Qe5 30. Rd7 Bd6 31. Ne4 Rc7 32. Rxc7 Bxc7 33. Qxa7 Bd5 34. Re1 Bxe4 35. Rxe4 Qxg3+ 36. Kg1 Qh2+ 37. Kf1 Rxe4 38. Qa8+ 1-0

[Event "*** Titled Tuesday Blitz"]
[Site "Chess.com"]
[Date "2021.02.09"]
[Round "1"]
[White "AurumO"]
[Black "ShahMatKanal"]
[Result "0-1"]
[WhiteElo "1897"]
[BlackElo "2473"]
[TimeControl "180+1"]
[EndTime "10:07:32 PST"]
[Termination "ShahMatKanal won by resignation"]

1. e4 c5 2. c3 Nf6 3. e5 Nd5 4.
Nf3 e6 5. Bc4 d6 6. exd6 Bxd6 7.
d4 cxd4 8. cxd4 O-O 9. O-O Nc6 10. Nc3 Nxc3 11. bxc3 Bd7 12. Re1 Rc8 13. Bd3 Be7 14. Bf4 Bf6 15. Rc1 Na5 16. Ne5 Bc6 17. Qh5 g6 18. Qh3 Bd5 19. Ng4 Bg7 20. Bh6 Nc4 21.
Bxg7 Kxg7 22. Qh6+ Kg8 23. h4 f5 24. Bxc4 fxg4 25.
Bxd5 Qxd5 26. h5 Rf6 27. Re5 Qxa2 28. Rf1 g3 29. Qe3 gxf2+ 30. Kh1 Rcf8 31. d5 exd5 32. Re7 Qc4 33. Qh3 gxh5 34. Qg3+ Rg6 35. Rxf2 Rxg3 36.
Rxf8+ Kxf8 37. Rxh7 Qh4+ 38. Kg1 Rxc3 39. Rh8+ Kg7 40.
Rh7+ Kxh7 0-1

[Event "*** Titled Tuesday Blitz"]
[Site "Chess.com"]
[Date "2021.02.09"]
[Round "1"]
[White "QuintilianoR"]
[Black "Hangar-18"]
[Result "0-1"]
[WhiteElo "2693"]
[BlackElo "2395"]
[TimeControl "180+1"]
[EndTime "10:07:33 PST"]
[Termination "Hangar-18 won on time"]

1. d4 Nf6 2. c4 g6 3. Nf3 Bg7 4. Nc3 d6 5. Bg5 O-O 6. e3 b6 7. Be2 Bb7 8. O-O Nbd7 9. Rc1 a5 10. a3 e5 11. d5 h6 12. Bh4 g5 13. Bg3 Nh5 14.
Nd2 Nxg3 15. fxg3 f5 16. Qc2 e4 17. g4 f4 18. exf4 e3 19. Nde4 gxf4 20. g5 Ne5 21. gxh6 Bxh6 22. Nb5 Rf7 23. Nd4 Bc8 24. Ne6 Bxe6 25.
dxe6 Rg7 26. Bf3 Qh4 27. Nc3 Rf8 28. Qe2 Kh8 29. Rcd1 Rfg8 30. Kh1 Bg5 31. Bd5 Rh7 32. h3 Qg3 33. Rf3 Nxf3 34. Qxf3 Be7 35. Qxg3 Rxg3 36.
Ne2 Rg5 37. Nxf4 Rf5 38. Ne2 Rf2 39. Bf3 Rh6 40. Kg1 Rxe6 41. Nd4 Rg6 42. Re1 Bf6 43. Bh5 Rg5 0-1

[Event "*** Titled Tuesday Blitz"]
[Site "Chess.com"]
[Date "2021.02.09"]
[Round "1"]
[White "TomasKapitanchuk"]
[Black "KafkaesqueKnight"]
[Result "1-0"]
[WhiteElo "2485"]
[BlackElo "2075"]
[TimeControl "180+1"]
[EndTime "10:07:33 PST"]
[Termination "TomasKapitanchuk won by resignation"]

1. e4 c5 2. Nf3 d6 3. Bb5+ Bd7 4.
Bxd7+ Qxd7 5. c4 Nf6 6. Nc3 e5 7. d3 h6 8. O-O Be7 9. h3 O-O 10. Be3 Nc6 11. Qd2 Nd4 12. Bxd4 cxd4 13. Nd5 Nxd5 14.
cxd5 Qb5 15. Rac1 Rac8 16. h4 Qa6 17. a3 Qb5 18. g3 a5 19. g4 a4 20. Kg2 b6 21. Kg3 Rc5 22. g5 h5 23. Nh2 Rfc8 24.
Rxc5 bxc5 25. f4 c4 26. dxc4 Rxc4 27. fxe5 dxe5 28. Nf3 Qb3 29. Rf2 Bd6 30. Kg2 d3 31. g6 fxg6 32. Qa5 Rc2 33. Qd8+ Bf8 34. Nd2 Rxd2 35. Qxf8+ Kh7 36. Rxd2 Qc4 37. Qf3 Qc1 38. Qxd3 Qe1 39. d6 Qxh4 40. d7 Qg4+ 41. Kf2 Qf4+ 42.
Ke2 Qh2+ 43. Kd1 Qg1+ 44. Kc2 Qc5+ 45. Qc3 1-0

[Event "*** Titled Tuesday Blitz"]
[Site "Chess.com"]
[Date "2021.02.09"]
[Round "1"]
[White "eCztery"]
[Black "volunteers1998"]
[Result "1-0"]
[WhiteElo "2482"]
[BlackElo "2041"]
[TimeControl "180+1"]
[EndTime "10:07:33 PST"]
[Termination "eCztery won on time"]

1. e4 c5 2. Nf3 Nc6 3. g3 g6 4.
Bg2 Bg7 5. O-O d6 6. c3 Nf6 7. Re1 O-O 8. d4 cxd4 9. cxd4 Bg4 10. h3 Bxf3 11. Bxf3 Qd7 12. Kg2 Rfc8 13. Nc3 a6 14. Be3 b5 15. Rc1 Rab8 16. Bg5 h6 17. Bxf6 Bxf6 18.
Bg4 e6 19. d5 Ne5 20. dxe6 fxe6 21. Nd5 Nxg4 22. Qxg4 Qf7 23. Nf4 Kh7 24. Nxe6 Rxc1 25. Rxc1 Re8 26. Rc7 Re7 27. Rxe7 Qxe7 28. Nf4 Qxe4+ 29.
Kh2 Qc2 30. Qd7+ Bg7 31. Kg1 Qb1+ 32. Kg2 Qe4+ 33. Kh2 Qc2 34. Kg1 Qb1+ 35. Kg2 Qe4+ 36. Kf1 Qb1+ 37. Ke2 Qe4+ 38. Kd2 Qd4+ 39. Nd3 1-0

[Event "*** Titled Tuesday Blitz"]
[Site "Chess.com"]
[Date "2021.02.09"]
[Round "1"]
[White "1800_strength"]
[Black "Lagmantr"]
[Result "1-0"]
[WhiteElo "2414"]
[BlackElo "2735"]
[TimeControl "180+1"]
[EndTime "10:07:35 PST"]
[Termination "1800_strength won by resignation"]

1. Nc3 d5 2. e4 d4 3. Nce2 c5 4. c3 Nc6 5. Nf3 e5 6. Ng3 g6 7.
Bb5 Bg7 8. Bxc6+ bxc6 9. d3 Ne7 10. O-O O-O 11. b3 f5 12. Ba3 Qa5 13. Qc1 f4 14. Ne2 Bg4 15. cxd4 Bxf3 16. gxf3 Rfe8 17. Qxc5 Qd8 18.
Qc4+ Kh8 19. dxe5 Ng8 20. d4 Qh4 21. Kh1 g5 22. Rg1 Qh5 23. Rg4 Nh6 24. Rag1 Nxg4 25. Rxg4 Rac8 26. Bd6 Bf8 27. Qc5 h6 28. Kg2 Qf7 29.
h4 Bxd6 30. exd6 Rg8 31. Qe5+ Kh7 32. hxg5 Rxg5 33. Qxf4 Qg6 34. e5 Rg8 35. Ng3 Rxg4 36. Qxg4 Qf7 37. Qe4+ Kh8 38. f4 Re8 39. f5 h5 40. e6 Qf6 41. d7 Rg8 42. Qe5 Kg7 43. Nxh5+ Kh6+ 44. Ng3 Qh4 45. e7 Kg5 46. e8=Q Rxe8 47.
dxe8=Q Qxg3+ 1-0

[Event "*** Titled Tuesday Blitz"]
[Site "Chess.com"]
[Date "2021.02.09"]
[Round "1"]
[White "KruHor"]
[Black "Colombiano07"]
[Result "0-1"]
[WhiteElo "2585"]
[BlackElo "2312"]
[TimeControl "180+1"]
[EndTime "10:07:35 PST"]
[Termination "Colombiano07 won on time"]

1. e4 c6 2. d4 d5 3. Nd2 dxe4 4.
Nxe4 Nf6 5. Bd3 Qxd4 6. Nf3 Qd8 7. Qe2 Nxe4 8. Bxe4 Nd7 9. O-O Nf6 10. Rd1 Qc7 11. Ne5 Nxe4 12. Qxe4 e6 13. Bf4 Qb6 14. Nc4 Qc5 15.
Bd6 Bxd6 16. Nxd6+ Ke7 17. Qh4+ g5 18. Qh5 Rf8 19. Qxh7 Bd7 20. Nxf7 Qf5 21. Rxd7+ Kxd7 22. Ne5+ Kd6 23. Nc4+ Kc5 24. Qe7+ Kxc4 25. b3+ Kb5 26. Qxb7+ Kc5 27. b4+ Kd4 28. Rd1+ Ke5 29. Qg7+ Qf6 30. Qc7+ Kf5 31. Qh7+ Qg6 32. Qe7 e5 33. Rd6 Rae8 34. g4+ Kxg4 35. h3+ Kxh3 36. Qd7+ Qf5 37. Rh6+ Kg4 0-1

[Event "*** Titled Tuesday Blitz"]
[Site "Chess.com"]
[Date "2021.02.09"]
[Round "1"]
[White "digilik"]
[Black "KononenkoD"]
[Result "0-1"]
[WhiteElo "2217"]
[BlackElo "2534"]
[TimeControl "180+1"]
[EndTime "10:07:35 PST"]
[Termination "KononenkoD won by resignation"]

1. e4 c6 2. d4 d5 3. exd5 cxd5 4. c4 Nf6 5. Nc3 g6 6. cxd5 Bg7 7. Qb3 O-O 8. Nf3 Nbd7 9. Bg5 Nb6 10. Bxf6 Bxf6 11.
Be2 Bg4 12. Ne5 Bxe2 13. Kxe2 Qd6 14. Nf3 Rfd8 15. Rac1 Nxd5 16. Nxd5 Qxd5 17. Qxd5 Rxd5 18. Rc7 Rb5 19. b3 a5 20. Rd1 a4 21. bxa4 Rxa4 22. Rd2 Kg7 23. h3 h5 24. g4 hxg4 25. hxg4 e6 26. Rdc2 Bxd4 27. Rd7 Bb6 28. Rxb7 Re4+ 29. Kd3 Rxg4 30. Nd2 Rd4+ 31. Ke2 Re5+ 32. Kf1 Ba5 33. Nf3 Rd1+ 34. Kg2 Rf5 35. Rcb2 Bc3 36. R2b5 Rxb5 37. Rxb5 Ra1 38. Rb3 Bf6 39. a3 Be7 40. Rb7 Kf6 41. a4 Rxa4 42. Rb6 Ra2 43. Rb7 Bc5 44. Kh3 Rxf2 45. Kg3 Ra2 46. Nh4 Bf2+ 47. Kh3 Ra3+ 48. Kg4 Ra4+ 49. Rb4 Rxb4+ 50. Kf3 Bxh4 51. Kg2 Kf5 52.
Kh3 g5 53. Kg2 g4 54. Kh1 Kf4 0-1

[Event "*** Titled Tuesday Blitz"]
[Site "Chess.com"]
[Date "2021.02.09"]
[Round "1"]
[White "noblerone"]
[Black "Supernotar"]
[Result "1/2-1/2"]
[WhiteElo "2418"]
[BlackElo "2804"]
[TimeControl "180+1"]
[EndTime "10:07:36 PST"]
[Termination "Game drawn by repetition"]

1. d4 d5 2. Nf3 Nf6 3. Bg5 Nbd7 4.
Nbd2 e6 5. e3 Be7 6. Bd3 b6 7.
O-O Bb7 8. c3 Ne4 9. Bxe7 Qxe7 10. a4 a5 11. Qe2 O-O 12. Ne5 Nxd2 13. Qxd2 Nxe5 14. dxe5 f6 15. exf6 Rxf6 16. f4 Raf8 17. g3 e5 18. Be2 Kh8 19. Bf3 Qc5 20. Kg2 e4 21. Be2 Rd8 22. Qd4 Qe7 23. b4 axb4 24. cxb4 c5 25. bxc5 bxc5 26. Qe5 Re6 27. Qg5 Qc7 28. a5 d4 29. a6 Ba8 30. Bc4 Red6 31. Rfe1 dxe3 32. Re2 Rd2 33. Re1 h6 34. Qf5 Qe7 35.
h4 Bc6 36. Kg1 Bd7 37. Qg6 Be8 38. Qf5 Bd7 39. Qg6 Bh3 40. Kh2 Bc8 41. Kg1 Rxe2 42. Rxe2 Rd1+ 43. Kh2 Qd7 44. f5 Ra1 45. Be6 Rh1+ 46.
Kg2 Rg1+ 47. Kh2 Rh1+ 48. Kg2 Rg1+ 49. Kh2 Rh1+ 1/2-1/2

[Event "*** Titled Tuesday Blitz"]
[Site "Chess.com"]
[Date "2021.02.09"]
[Round "1"]
[White "Grammnik"]
[Black "kakarot_001"]
[Result "1/2-1/2"]
[WhiteElo "2414"]
[BlackElo "2785"]
[TimeControl "180+1"]
[EndTime "10:07:37 PST"]
[Termination "Game drawn by repetition"]

1. d4 Nf6 2. Nf3 e6 3. c4 b6 4. Nc3 Bb7 5. Bg5 Bb4 6. e3 h6 7. Bh4 O-O 8. Bd3 d6 9. O-O Bxc3 10. bxc3 Nbd7 11. a4 a5 12. Nd2 e5 13. f4 exf4 14.
exf4 Re8 15. Re1 Rxe1+ 16. Qxe1 Qf8 17. Qf1 Re8 18. Re1 Ng4 19. h3 Ngf6 20. g4 Ba8 21.
Re2 Rxe2 22. Qxe2 Qc8 23. g5 hxg5 24. fxg5 Ne8 25. Ne4 Nf8 26. Nf2 g6 27. Bg3 Ng7 28. d5 Nf5 29. Qg4 Bb7 30. Ne4 Nh7 31. Bf2 Qd7 32. Bd4 Qxa4 33. Nf6+ Nxf6 34. Bxf6 Qa1+ 35.
Kf2 Qb2+ 36. Kf3 Ng7 37. Qd7 Qd2 38. Bxg6 Qd1+ 39. Kf2 Qd2+ 40. Kf3 Bxd5+ 41. cxd5 Qxd5+ 42. Kf2 Qd2+ 43. Kf3 Qd1+ 44. Kf2 Qd2+ 45. Kf3 Qd1+ 46. Kf2 Qd2+ 1/2-1/2

[Event "*** Titled Tuesday Blitz"]
[Site "Chess.com"]
[Date "2021.02.09"]
[Round "1"]
[White "Logman74"]
[Black "SergeiAza"]
[Result "1-0"]
[WhiteElo "2417"]
[BlackElo "2750"]
[TimeControl "180+1"]
[EndTime "10:07:37 PST"]
[Termination "Logman74 won on time"]

1. e4 c5 2. Nf3 Nc6 3. Bb5 g6 4. O-O Bg7 5. Re1 e5 6. Bxc6 dxc6 7. d3 Qc7 8. a3 a5 9. Nbd2 Nf6 10. Nc4 Nd7 11.
Bd2 O-O 12. b4 cxb4 13. axb4 a4 14. Bc3 b5 15. Ne3 Re8 16. Bb2 Nf8 17. c4 Be6 18.
Qc2 Qd6 19. Rec1 Red8 20. Rd1 Rac8 21. Bc3 Qb8 22. Qb2 Nd7 23. Ng5 Qd6 24. f4 f6 25.
Nxe6 Qxe6 26. f5 Qe7 27. fxg6 hxg6 28. Rf1 Nf8 29. cxb5 cxb5 30. Nd5 Qa7+ 31. Kh1 Rc6 32. Rf3 Rdc8 33. h3 Nh7 34. Kh2 Qd7 35. Raf1 Qe6 36. d4 exd4 37. Bxd4 Qxe4 38. Nxf6+ Nxf6 39. Bxf6 Rc2 40. Qa1 Qe2 41. Rg3 Ra2 42. Qd4 Rcc2 43. Qd5+ Kh7 44.
Rf4 1-0

[Event "*** Titled Tuesday Blitz"]
[Site "Chess.com"]
[Date "2021.02.09"]
[Round "1"]
[White "ARTHURMOTIVATOR"]
[Black "UCantHandleDenker"]
[Result "0-1"]
[WhiteElo "2306"]
[BlackElo "2612"]
[TimeControl "180+1"]
[EndTime "10:07:38 PST"]
[Termination "UCantHandleDenker won by resignation"]

1. e4 c5 2. b3 d6 3. Bb2 Nd7 4.
f4 Ngf6 5. Nc3 g6 6. Nf3 Bg7 7. Nd5 O-O 8. Nxf6+ Nxf6 9. d3 Bg4 10. Be2 Bxf3 11. Bxf3 Qa5+ 12. Qd2 Qxd2+ 13. Kxd2 Nxe4+ 14. Bxe4 Bxb2 15. Rab1 Bf6 16. Bxb7 Rab8 17. Bf3 a5 18. a4 Rb4 19. g3 h5 20. Rhe1 Kg7 21.
Re4 Rfb8 22. Rxb4 cxb4 23. Rf1 Rc8 24. Rf2 e6 25. Re2 Bc3+ 26. Kd1 Rc5 27. Re4 d5 28. Re2 Bd4 29. Rg2 Rc8 30. Re2 Kf6 31. Bg2 h4 32. g4 g5 33. fxg5+ Kxg5 34. Bh3 Rf8 35.
Re1 Bc5 36. Rf1 Bd6 37. Rf2 Bf4 38. Ke2 e5 39. Kf3 Rc8 40. Re2 Rc3 41. Kg2 f6 42.
Kf1 d4 43. Kg2 Be3 44. Kf3 Rc7 45. Ke4 Rd7 46. Re1 Rd6 47. Rf1 Bf4 48. Rf2 Rd8 49.
Re2 Kg6 50. Bf1 h3 51. Bxh3 Rh8 52. Bf1 Bxh2 53. Kd5 Bf4 54. Bg2 Kg5 55. Bf3 Rh3 56. Be4 Kxg4 57. Kc5 f5 58. Bd5 Re3 59. Rg2+ Bg3 60.
Be6 Kg5 61. Kb5 f4 62. Bd5 Kh4 63. Kxa5 f3 64. Bxf3 Rxf3 65. Kxb4 Kh3 66. Re2 Re3 67. Rd2 Be1 0-1